 Dungeon Crawl Stone Soup version 0.28-a0-1227-ga9037bb4c8 (webtiles) character file.

Game seed: 12020144982034986750

197084 Trumph21 the Warrior (level 17, -21/166 HPs)
             Began as a Minotaur Berserker on Dec 22, 2021.
             Was a High Priest of Trog.
             Demolished by a reaper (23 damage)
             ... summoned by a deep elf demonologist
             ... on level 3 of the Elven Halls.
             The game lasted 01:53:08 (35548 turns).

Trumph21 the Warrior (Minotaur Berserker)          Turns: 35548, Time: 01:53:09

Health: -21/166    AC: 29    Str: 33    XL:     17   Next: 76%
Magic:  1/25       EV: 16    Int: 20    God:    Trog [*****.]
Gold:   3716       SH: 25    Dex: 13    Spells: 16/16 levels left

rFire   + . .      SeeInvis .   I - +9 broad axe "Jomoilao" {vorpal, Will+ Int+2}
rCold   . . .      Faith    .   M - +0 tower shield of Compression {rF+ rN+ Str+3}
rNeg    + + .      Spirit   .   z - +4 chain mail "Titenomo" {rN+ Regen+ Str-3 Int+8}
rPois   +          Reflect  +   e - +2 hat
rElec   +          Harm     .   j - +1 cloak of Slovenliness {MP+9}
rCorr   +          Rampage  .   D - +2 pair of gloves {infuse}
Will    +++++                   G - +0 pair of boots
Stlth   ..........              Q - amulet of reflection
HPRegen 2.17/turn               s - ring "Rixkag" {rElec Will+ Str+4 Int+6}
MPRegen 0.19/turn               r - ring "Vyecuex" {rPois rCorr Str+2}

@: about to teleport, strong-willed, on berserk cooldown, regenerating, slowed,
very slow
A: horns 2, retaliatory headbutt
}: 1/15 runes: decaying
a: Renounce Religion, Berserk, Trog's Hand, Brothers in Arms


You were on level 3 of the Elven Halls.
You worshipped Trog.
Trog was extremely pleased with you.
You visited 6 branches of the dungeon, and saw 27 of its levels.
You visited the Abyss 1 time.
You also visited: Volcano and Desolation.

You collected 4337 gold pieces.
You spent 621 gold pieces at shops.

Inventory:

Hand Weapons
 x - the +5 mace of the Shining Light {spect, rPois rF- rN+ Stlth+}
   (You found it in the Desolation of Salt)

   When its wielder attacks, the weapon's spirit leaps out and strikes again.
   The spirit shares a part of any damage it takes with its wielder.
   rF:        It makes you vulnerable to fire.
   rPois:     It protects you from poison.
   rN:        It protects you from negative energy.
   Stlth:     It makes you more stealthy.
 I - the +9 broad axe "Jomoilao" (weapon) {vorpal, Will+ Int+2}
   (You acquired it on level 4 of the Lair of Beasts)

   It inflicts extra damage upon your enemies.
   Int:       It affects your intelligence (+2).
   Will:      It increases your willpower.
Armour
 e - a +2 hat (worn)
 j - the +1 cloak of Slovenliness (worn) {MP+9}
   (You found it on level 4 of the Dungeon)

   MP:        It affects your magic capacity (+9).
 z - the +4 chain mail "Titenomo" (worn) {rN+ Regen+ Str-3 Int+8}
   (You found it in the Desolation of Salt)

   Str:       It affects your strength (-3).
   Int:       It affects your intelligence (+8).
   rN:        It protects you from negative energy.
   Regen:     It increases your rate of health regeneration.
 D - a +2 pair of gloves of infusion (worn)
 G - a +0 pair of boots (worn)
 M - the +0 tower shield of Compression (worn) {rF+ rN+ Str+3}
   (You acquired it on level 2 of the Swamp)

   Str:       It affects your strength (+3).
   rF:        It protects you from fire.
   rN:        It protects you from negative energy.
Jewellery
 f - a ring of poison resistance
 m - a ring of see invisible
 r - the ring "Vyecuex" (right hand) {rPois rCorr Str+2}
   (You found it in the Desolation of Salt)

   [ring of resist corrosion]

   Str:       It affects your strength (+2).
   rPois:     It protects you from poison.
   rCorr:     It protects you from acid and corrosion.
 s - the ring "Rixkag" (left hand) {rElec Will+ Str+4 Int+6}
   (You found it on level 4 of the Dungeon)

   [ring of intelligence]

   Str:       It affects your strength (+4).
   Int:       It affects your intelligence (+6).
   rElec:     It insulates you from electricity.
   Will:      It increases your willpower.
 A - the ring "Sibob" {rC+ Int+4 Dex+6 Stlth+}
   (You found it in the Desolation of Salt)

   [ring of dexterity]

   Int:       It affects your intelligence (+4).
   Dex:       It affects your dexterity (+6).
   rC:        It protects you from cold.
   Stlth:     It makes you more stealthy.
 K - the ring "Geqy" {rF+ rC+ Will- Int+3}
   (You found it in the Desolation of Salt)

   [ring of protection from fire]

   Int:       It affects your intelligence (+3).
   rF:        It protects you from fire.
   rC:        It protects you from cold.
   Will:      It decreases your willpower.
 N - a ring of resist corrosion
 Q - an amulet of reflection (around neck)
Wands
 a - a wand of flame (18)
 b - a wand of acid (6)
 w - a wand of digging (12)
Scrolls
 c - 8 scrolls of identify
 k - a scroll of silence
 l - 5 scrolls of fear
 u - a scroll of immolation
 y - 4 scrolls of fog
 J - 4 scrolls of summoning
 O - 5 scrolls of teleportation
 P - 2 scrolls of magic mapping
 R - 7 scrolls of blinking
 U - a scroll of torment
 V - 3 scrolls of enchant weapon
Potions
 d - 4 potions of brilliance
 g - 3 potions of flight
 h - 5 potions of might
 i - 5 potions of resistance
 o - 8 potions of ambrosia
 p - 7 potions of curing
 q - 7 potions of heal wounds
 t - 3 potions of mutation
 B - 6 potions of haste
 C - 6 potions of degeneration
 F - a potion of lignification
 H - 2 potions of magic
 L - 7 potions of attraction
Miscellaneous
 n - a condenser vane
 S - a tin of tremorstones (2/2)


   Skills:
 + Level 18.3 Fighting
 - Level 18.0 Axes
 + Level 18.1 Armour
 + Level 18.0 Dodging
 + Level 17.8 Shields


You had 16 spell levels left.
You didn't know any spells.
Your spell library was empty.

Dungeon Overview and Level Annotations

Branches:
Dungeon (11/15)            Temple (0/1) D:5            Lair (6/6) D:11
  Swamp (4/4) Lair:3        Snake (1/4) Lair:4        Slime (0/5) Lair:5
    Orc (2/2) D:11            Elf (3/3) Orc:2       Volcano (visited)
Desolation (visited)

Altars:
Ashenzari
Gozag
Trog
The Shining One
Beogh

Shops:
D:7 *   Orc:2 ***[   Elf:2 :

Portals:
Trove: D:11 (give +2 gold dragon scales)

Annotations:
D:11 3 runed translucent doors, Htamos's ghost, journeyman SpMo


Innate Abilities, Weirdness & Mutations

You have a pair of horns on your head.
You reflexively headbutt those who attack you in melee.


Message History

A deep elf master archer comes into view.
Your deep troll bites the deep elf annihilator!!!
The deep elf annihilator dies!
Trog accepts your kill.
Trog appreciates your killing of a magic user.
Your +5 hand axe of flaming hits the water elemental!
Your +5 hand axe of flaming burns the water elemental!
The reaper barely misses you.
You block the deep elf blademaster's attack.
The deep elf blademaster hits you but does no damage.
Your deep troll bites the water elemental!!!
The water elemental is destroyed!
Trog accepts your kill.
The deep elf master archer moves out of view.
As you read the scroll of teleportation, it crumbles to dust.
You feel strangely unstable.
You block the deep elf blademaster's attack. x2
Your water elemental closely misses the deep elf blademaster.
A deep elf death mage comes into view. It is wielding a +0 long sword.
Your +5 hand axe of flaming hits the reaper but does no damage.
Your +5 hand axe of flaming hits the deep elf blademaster.
Your +5 hand axe of flaming burns the deep elf blademaster.
The reaper hits you from afar with a +0 scythe of venom!!
* * * LOW HITPOINT WARNING * * *
The deep elf blademaster hits you with a +0 rapier.
* * * LOW HITPOINT WARNING * * *
The deep elf blademaster barely misses you.
Your deep troll barely misses the reaper.
Your deep troll closely misses the reaper.
Your deep troll claws the reaper!
The deep elf demonologist casts a spell.
Send 'em back where they came from!
Trog shields your ally from puny magic! x3
Your water elemental completely misses the deep elf blademaster.
Your +5 hand axe of flaming hits the reaper.
Your +5 hand axe of flaming burns the reaper.
Your +5 hand axe of flaming hits the deep elf blademaster!
Your +5 hand axe of flaming burns the deep elf blademaster.
The reaper hits you from afar with a +0 scythe of venom!!
You die...

* **,** ##.'.##*#.***,,,,,,,***
**,** #...# **,***********, **,**
#.)e# **,**,,,,,**,* **
**,*###'e### **+,,,,,,,+** ,***
**+#...)..## **,,,,,,,,,** ,,,***
##.....ee.##*,,,,,,,,,,,* ,,,,,*
#......2T<.#*,,,,,,,,,,,*
,,,,,***#......e(.)#*,,,,,,,,,,,*
,,,,,+,,+.....)E@..#*,,,,,,,,,,,+
,,,,,***#.........##*,,,,,,,,,,,*
,,,,,* #.......ยงยง#
**,,,,,,,,,** ,,,*** ##.......##
**,,,,,,,** ,*** ##.....##
**,,,,,** ** ####### *******


You could see a deep elf blademaster, a reaper (summoned, ally target), a deep
elf master archer, a deep elf death mage, a deep elf demonologist, a deep elf
zephyrmancer, a friendly deep troll (summoned, berserk), a friendly water
elemental (summoned) and a friendly +5 hand axe of flaming (summoned).

Vanquished Creatures
  Rupert (Lair:3)
  A deep elf blademaster (Elf:3)
  4 thorn hunters
  3 slime creatures (Swamp:4)
  A fenstrider witch (Swamp:3)
  A deep elf elementalist (Elf:3)
  3 very ugly things (Swamp:4)
  4 eleionomae
  3 bunyips
  Azrael (Elf:1)
  4 dire elephants (Lair:6)
  2 green deaths (Swamp:4)
  3 crystal guardians (Desolation)
  A deep elf death mage (Elf:3)
  Josephine (D:11)
  8 ragged hierophants (Desolation)
  A deep elf high priest (Elf:1)
  A great orb of eyes (Swamp:4)
  A boulder beetle (Lair:4)
  14 hydras
  4 servants of whispers (Desolation)
  4 peacekeepers (Desolation)
  Harold (D:7)
  A ghost crab (Swamp:4)
  A catoblepas (Lair:6)
  2 hell beasts (Swamp:4)
  Erica (D:9)
  30 dancing weapons
  7 two-headed ogres
  12 alligators
  3 death yaks (Lair:6)
  8 deep elf knights
  A spriggan berserker (Swamp:3)
  A spectral anaconda (Lair:6)
  A spriggan druid (Swamp:1)
  3 goliath frogs
  3 deep elf archers
  11 swamp dragons
  2 obsidian statues
  7 bog bodies
  5 ironbound convokers (Desolation)
  26 deep elf zephyrmancers
  4 necromancers (Lair:6)
  An oklob plant (Lair:1)
  3 orc sorcerers
  12 deep elf pyromancers
  7 will-o-the-wisps
  7 ugly things
  A cyclops (Orc:2)
  3 elephants (Lair:6)
  5 guardian serpents (Desolation)
  Joseph (D:8)
  A smoke demon (Volcano)
  Maggie (Lair:1)
  2 dire elephant zombies (Lair:6)
  2 molten gargoyles (Desolation)
  10 cane toads
  4 black mambas
  An orange demon (Swamp:4)
  2 rime drakes
  7 komodo dragons
  2 red devils (Volcano)
  5 hornets
  A troll (Orc:2)
  A polar bear (shapeshifter) (Elf:2)
  4 polar bears
  A queen bee (Lair:3)
  Prince Ribbit (Lair:3)
  10 tyrant leeches
  A bloated husk (Swamp:1)
  53 saltlings (Desolation)
  A spectral elephant (Lair:6)
  26 blink frogs
  A large abomination (Swamp:4)
  40 yaks
  4 shadows (Swamp:4)
  4 spriggans
  4 wraiths
  4 wyverns
  2 fire elementals
  Eustachio (D:4)
  5 basilisks
  Grum (D:9)
  9 fire bats
  A steam dragon (D:7)
  2 wargs (D:11)
  A death yak simulacrum (Lair:6)
  A spectral cane toad (Lair:6)
  3 vampire mosquitoes (Swamp:1)
  2 acid dragons (D:11)
  18 swamp worms
  17 water moccasins
  Duvessa (D:5)
  6 hell hounds (Elf:1)
  A swamp drake (Swamp:2)
  A meliai simulacrum (D:11)
  38 orc warriors
  A black bear (D:7)
  5 ogres
  13 centaurs
  16 wolves
  An elephant skeleton (Lair:6)
  2 kobold brigands
  7 bullfrogs
  A gnoll sergeant (D:9)
  A scorpion (D:5)
  An earth elemental (Elf:1)
  A cane toad simulacrum (Lair:6)
  Dowan (D:5)
  A water moccasin skeleton (D:7)
  An elephant simulacrum (Lair:6)
  34 killer bees
  7 wights
  An electric eel (Lair:3)
  6 howler monkeys
  5 centaur zombies
  6 lava snakes (Volcano)
  7 orc priests
  A hound (D:5)
  A bullfrog skeleton (D:6)
  A centaur skeleton (D:7)
  5 iguanas
  27 orc wizards
  A scorpion zombie (D:5)
  A killer bee zombie (D:8)
  Robin (D:4)
  12 adders
  7 gnolls
  A shadow imp (D:6)
  A white imp (D:6)
  An ufetubus (D:6)
  An adder zombie (D:5)
  4 worms
  4 dart slugs
  59 orcs
  10 endoplasms
  5 giant cockroaches
  8 hobgoblins
  2 jackals (D:3)
  14 kobolds
  4 quokkas
  7 ball pythons
  6 bats
  A frilled lizard (D:3)
  19 goblins
  25 rats
  7 briar patches (Swamp:4)
  A bush (Lair:1)
  A butterfly (Lair:1)
895 creatures vanquished.

Vanquished Creatures (collateral kills)
  A deep elf sorcerer (Elf:3)
  A deep elf demonologist (Elf:3)
  A deep elf annihilator (Elf:3)
  2 ragged hierophants (Desolation)
  2 servants of whispers (Desolation)
  An ironbound convoker (Desolation)
  2 deep elf pyromancers (Elf:2)
  2 saltlings (Desolation)
  A water elemental (Elf:3)
  A wyvern (D:11)
  An orc priest (D:11)
  An orc (D:11)
16 creatures vanquished.

Vanquished Creatures (others)
  An eleionoma (Swamp:4)
  A deep elf knight (Elf:1)
  A deep elf pyromancer (Elf:1)
  A deep elf zephyrmancer (Elf:1)
  3 bloated husks
  A bush (Lair:6)
  60 foxfires
  18 fungi
  45 plants
  33 withered plants
164 creatures vanquished.

Grand Total: 1075 creatures vanquished

Notes
Turn   | Place    | Note
-------+----------+-------------------------------------------
     0 | D:1      | Trumph21 the Minotaur Berserker began the quest for the
                  | Orb.
     0 | D:1      | Reached XP level 1. HP: 19/19 MP: 0/0
   168 | D:1      | Reached XP level 2. HP: 19/27 MP: 1/1
   942 | D:1      | Found a faded altar of an unknown god.
  1102 | D:1      | Reached XP level 3. HP: 33/33 MP: 2/2
  1442 | D:2      | Reached ** piety under Trog
  1497 | D:2      | Reached skill level 1 in Shields
  1640 | D:2      | Reached XP level 4. HP: 37/40 MP: 3/3
  2294 | D:3      | Reached XP level 5. HP: 46/46 MP: 4/4
  2299 | D:3      | Reached *** piety under Trog
  2914 | D:4      | Noticed Robin
  2915 | D:4      | Identified the +1 cloak of Slovenliness {MP+9}
  2946 | D:4      | Killed Robin
  3017 | D:4      | Identified the ring "Rixkag" {rElec Will+ Str+4 Int+6}
  3121 | D:4      | Noticed Eustachio
  3141 | D:4      | Cast into level 1 of the Abyss (Eustachio)
  3186 | D:4      | Escaped the Abyss
  3238 | D:4      | Killed Eustachio
  3239 | D:4      | Reached XP level 6. HP: 55/55 MP: 5/5
  3333 | D:4      | Reached skill level 5 in Fighting
  3336 | D:4      | Reached skill level 5 in Axes
  4319 | D:5      | Entered Level 5 of the Dungeon
  4496 | D:5      | Reached XP level 7. HP: 53/61 MP: 6/6
  4499 | D:5      | Reached **** piety under Trog
  4806 | D:5      | Noticed Duvessa
  4825 | D:5      | Noticed Dowan
  4836 | D:5      | Killed Duvessa
  4837 | D:5      | Reached skill level 5 in Armour
  4840 | D:5      | Killed Dowan
  4975 | D:5      | Reached skill level 5 in Dodging
  5099 | D:5      | Found a staircase to the Ecumenical Temple.
  5241 | D:5      | Reached XP level 8. HP: 70/70 MP: 7/7
  6386 | D:6      | Identified the +3 chain mail of Elyvilon's Inspiration
                  | {Slay+5}
  6678 | D:7      | Noticed Harold
  6764 | D:7      | Killed Harold
  6765 | D:7      | Reached XP level 9. HP: 80/80 MP: 8/8
  6857 | D:7      | Found a transporter.
  6857 | D:7      | Found a transporter.
  7191 | D:7      | Found Nurroom's Mayhem Merchandise.
  7208 | D:7      | Bought a +0 war axe of venom for 74 gold pieces
  7263 | D:7      | Noticed a two-headed ogre
  7278 | D:7      | HP: 3/81 [two-headed ogre (10)]
  7280 | D:7      | Killed a two-headed ogre
  8290 | D:8      | Found a broken altar of Ashenzari.
  8544 | D:8      | Noticed Joseph
  8555 | D:8      | Killed Joseph
  8556 | D:8      | Reached XP level 10. HP: 91/91 MP: 9/9
  9278 | D:9      | Reached ***** piety under Trog
  9417 | D:9      | Noticed Erica
  9433 | D:9      | Killed Erica
  9708 | D:9      | Noticed a two-headed ogre
  9726 | D:9      | Killed a two-headed ogre
  9727 | D:9      | Reached skill level 10 in Fighting
  9727 | D:9      | Reached skill level 10 in Axes
  9869 | D:9      | Found a bloodstained altar of Trog.
 10050 | D:9      | Found a glowing golden altar of the Shining One.
 10450 | D:9      | Noticed Grum
 10464 | D:9      | Killed Grum
 10665 | D:10     | Entered Level 10 of the Dungeon
 10761 | D:10     | Reached skill level 10 in Armour
 11027 | D:10     | Reached XP level 11. HP: 99/101 MP: 10/10
 11128 | D:10     | Noticed a two-headed ogre
 11135 | D:10     | Killed a two-headed ogre
 11169 | D:10     | Noticed a two-headed ogre
 11172 | D:10     | Killed a two-headed ogre
 11290 | D:10     | Noticed a two-headed ogre
 11298 | D:10     | Killed a two-headed ogre
 11531 | D:11     | Identified a scroll of acquirement
 11531 | D:11     | Acquired a manual of Dodging
 11562 | D:11     | Found a staircase to the Lair.
 11576 | D:11     | Reached skill level 10 in Dodging
 11788 | D:11     | Noticed Josephine
 11797 | D:11     | Killed Josephine
 11798 | D:11     | Reached skill level 5 in Shields
 11883 | D:11     | Noticed a green ugly thing
 11884 | D:11     | Noticed a two-headed ogre
 11928 | D:11     | Killed a green ugly thing
 11932 | D:11     | Received a gift from Trog
 11941 | D:11     | Killed a two-headed ogre
 12246 | D:11     | Found a runed translucent gate.
 12246 | D:11     | Found a runed translucent gate.
 12246 | D:11     | Found an opulent altar of Gozag.
 12251 | D:11     | Found a runed translucent gate.
 12253 | D:11     | Noticed a boulder beetle
 12254 | D:11     | Found a portal to a secret trove of treasure.
 12256 | D:11     | Noticed a catoblepas
 12257 | D:11     | Noticed Htamos's ghost (journeyman SpMo)
 12333 | D:11     | Noticed a two-headed ogre
 12338 | D:11     | Killed a two-headed ogre
 12609 | D:11     | Noticed a cyan ugly thing
 12637 | D:11     | Killed a cyan ugly thing
 12638 | D:11     | Reached skill level 10 in Shields
 12835 | D:11     | Found a staircase to the Orcish Mines.
 12841 | D:11     | Reached XP level 12. HP: 110/110 MP: 11/11
 13230 | Lair:1   | Entered Level 1 of the Lair of Beasts
 13923 | Lair:1   | Noticed Maggie
 13934 | Lair:1   | Killed Maggie
 16518 | Lair:3   | Acquired 589 gold pieces
 16898 | Lair:3   | Noticed Rupert
 16910 | Lair:3   | Killed Rupert
 17257 | Lair:3   | Found a staircase to the Swamp.
 17347 | Lair:3   | Noticed Prince Ribbit
 17362 | Lair:3   | Reached XP level 13. HP: 107/119 MP: 12/12
 17367 | Swamp:1  | Entered Level 1 of the Swamp
 17403 | Lair:3   | Killed Prince Ribbit
 17743 | Lair:4   | Found a dark tunnel.
 17755 | Volcano  | Entered a volcano
 18067 | Volcano  | Found a bloodstained altar of Trog.
 18647 | Lair:4   | Acquired the +9 broad axe "Jomoilao" {vorpal, Will+ Int+2}
 18846 | Lair:4   | Found a staircase to the Snake Pit.
 19220 | Lair:5   | Received a gift from Trog
 19439 | Lair:5   | Found a staircase to the Slime Pits.
 20055 | Lair:6   | Entered Level 6 of the Lair of Beasts
 20483 | Lair:6   | Reached XP level 14. HP: 118/130 MP: 7/13
 21381 | Lair:6   | Reached skill level 15 in Dodging
 21385 | Lair:6   | Received a gift from Trog
 23997 | Swamp:2  | Acquired the +0 tower shield of Compression {rF+ rN+ Str+3}
 24567 | Swamp:2  | Received a gift from Trog
 24797 | Swamp:2  | Reached skill level 15 in Axes
 24801 | Swamp:2  | Reached skill level 15 in Fighting
 24801 | Swamp:2  | Reached XP level 15. HP: 113/141 MP: 14/14
 24981 | Swamp:3  | Noticed a fenstrider witch
 24992 | Swamp:3  | Killed a fenstrider witch
 25182 | Swamp:3  | Reached skill level 15 in Armour
 25790 | Swamp:3  | Noticed a thorn hunter
 25802 | Swamp:3  | Killed a thorn hunter
 26118 | Swamp:3  | Identified the +1 leather armour of Rauck {rC+ Int+3}
 26372 | Swamp:4  | Entered Level 4 of the Swamp
 26978 | Swamp:4  | Reached skill level 15 in Shields
 27253 | Swamp:4  | Noticed a thorn hunter
 27264 | Swamp:4  | Killed a thorn hunter
 27280 | Swamp:4  | Noticed a thorn hunter
 27288 | Swamp:4  | Killed a thorn hunter
 27655 | Swamp:4  | Noticed a thorn hunter
 27668 | Swamp:4  | Killed a thorn hunter
 28224 | Swamp:4  | Reached XP level 16. HP: 94/152 MP: 0/15
 28232 | Swamp:4  | Received a gift from Trog
 28845 | Swamp:4  | Got a decaying rune of Zot
 28996 | Snake:1  | Entered Level 1 of the Snake Pit
 29140 | Orc:1    | Entered Level 1 of the Orcish Mines
 29431 | Orc:2    | Entered Level 2 of the Orcish Mines
 29727 | Orc:2    | Found a staircase to the Elven Halls.
 30055 | Orc:2    | Found Lainouro's General Store.
 30055 | Orc:2    | Found Hivi's Assorted Antiques.
 30153 | Orc:2    | Found Aryrphot's General Store.
 30155 | Orc:2    | Found Uvoan's Antique Armour Shoppe.
 30170 | Orc:2    | Bought a scroll of teleportation for 45 gold pieces
 30172 | Orc:2    | Bought 2 potions of haste for 340 gold pieces
 30610 | Orc:2    | Bought a pair of boots for 162 gold pieces
 30627 | Orc:2    | Acquired 1167 gold pieces
 30684 | Elf:1    | Entered Level 1 of the Elven Halls
 30934 | Elf:1    | Received a gift from Trog
 31363 | Elf:1    | Found a crumbling gateway.
 31378 | Desolati | Entered the Desolation of Salt
 31515 | Desolati | Identified the +4 chain mail "Titenomo" {rN+ Regen+ Str-3
                  | Int+8}
 31838 | Desolati | Identified the +2 robe of the Stone Wall {Regen+ Int-2
                  | Slay+2 Archmagi}
 31859 | Desolati | Identified the ring "Geqy" {rF+ rC+ Will- Int+3}
 31868 | Desolati | Identified the +4 fustibalus of the Realm of Zot {vorpal,
                  | rPois Dex+4}
 31900 | Desolati | Identified the +1 ring mail of Rotation {rF+ rCorr Int-5}
 32058 | Desolati | Received a gift from Trog
 32338 | Desolati | Identified the +5 long sword "Vixiduru" {vorpal, Int+5}
 32366 | Desolati | Identified the +5 mace of the Shining Light {spect, rPois
                  | rF- rN+ Stlth+}
 32372 | Desolati | Identified the ring "Sibob" {rC+ Int+4 Dex+6 Stlth+}
 32699 | Desolati | Identified the ring "Vyecuex" {rPois rCorr Str+2}
 32795 | Desolati | Identified the +4 demon blade "Taylaics" {pain, Will+ MP+9
                  | Str+5}
 32867 | Desolati | Reached XP level 17. HP: 162/162 MP: 16/16
 33236 | Elf:1    | Noticed Azrael
 33261 | Elf:1    | Killed Azrael
 34091 | Elf:2    | Found View Wek's Book Boutique.
 34183 | Elf:2    | Found a huge runed translucent gate.
 34183 | Elf:2    | Found a huge runed translucent gate.
 34183 | Elf:2    | Found a huge runed translucent gate.
 34183 | Elf:2    | Found a huge runed translucent gate.
 34184 | Elf:2    | Found a huge runed translucent gate.
 34557 | Elf:2    | Received a gift from Trog
 35471 | Elf:3    | Entered Level 3 of the Elven Halls
 35511 | Elf:3    | Noticed a deep elf blademaster
 35532 | Elf:3    | Noticed a Hell Sentinel
 35537 | Elf:3    | Noticed a Brimstone Fiend
 35538 | Elf:3    | Killed a deep elf blademaster
 35543 | Elf:3    | Noticed a deep elf blademaster
 35547 | Elf:3    | Noticed a deep elf master archer
 35548 | Elf:3    | HP: 7/166 [reaper[a deep elf demonologist] (27)]
 35548 | Elf:3    | HP: 2/166 [deep elf blademaster (5)]
 35548 | Elf:3    | Demolished by a reaper

Illustrated notes

Levels and vault maps discovered:
D:1:      dpeg_arrival_rooms_with_view, layout_loops_cross,
          hellmonk_ecumenical_altar_heavens_door, grunt_decor_mini_mirrors
D:2:      layout_loops_ring, grunt_ministairs_6
D:3:      layout_loops_ring, minmay_rat_hole
D:4:      layout_layer_cave, uniq_eustachio, uniq_robin
D:5:      cheibrodos_two_vegetables, layout_basic,
          minmay_temple_entry_offerings, uniq_duvessa
D:6:      layout_basic, grunt_decor_resistance
D:7:      gammafunk_beogh_shrine, layout_loops_ring, glass_columns_c,
          minmay_shop_mayhem, uniq_harold
D:8:      layout_cave_pools, nicolae_ashenzari_panopticon, uniq_joseph
D:9:      layout_stronghold, bloody_trog, nicolae_tso_swordbearing_angel,
          dk_vineyard_3, uniq_grum, uniq_erica
D:10:     layout_rooms
D:11:     layout_loops_ring, lair_entry_dummy, david_orc_1_choice,
          enter_trove_3, ebering_ghost_gozag, grunt_tough_drop, uniq_josephine
Lair:1:   layout_gridlike, minmay_lair_oklob_items, grunt_megastairs_5,
          lemuel_fruit_fields, infiniplex_staircase_pool_2, lemuel_fruit_tree,
          serial_bayou_shore_a, uniq_maggie
Lair:2:   layout_cave_pods
Lair:3:   layout_cave_pods, swamp_mist_pool, special_room [special_room_bee],
          serial_bayou_shore_b, grunt_megastairs_4, serial_bayou_shore_b,
          uniq_prince_ribbit2, uniq_rupert
Lair:4:   layout_hall_layers, dummy_snake_entry, nicolae_volcano_entry_batcave,
          nicolae_lair_lil_pond
Lair:5:   layout_loops_ring, slime_dummy, lemuel_fruit_fields
Lair:6:   due_jungle_book, layout_regular_city, nicolae_lair_yak_garden
Swamp:1:  layout_basic_swamp, evilmike_swamp_ruin_house_6
Swamp:2:  layout_falls_marsh, evilmike_swamp_ruin_house_5, swamp_pool1
Swamp:3:  layout_basic_swamp, evilmike_swamp_ruin_house_4,
          hangedman_swamp_wriggling, infiniplex_staircase_pool
Swamp:4:  swamp_vile, layout_basic_swamp
Snake:1:  layout_misc_corridors, uniq_aizul
Orc:1:    layout_caves, basic_altar
Orc:2:    st_orc_rangers, layout_diamond_mine, basic_altar
Elf:1:    eino_elf_arrival_sip, layout_gridlike, portal_desolation_entry_ruin,
          kennysheep_underground_church, uniq_azrael
Elf:2:    elven_hall_of_blades_hangedman_alternative [nicolae_blade_lattice],
          layout_rooms, serial_shops, shop, minmay_crystal_room
Elf:3:    grunt_elf_hall_branching, layout_geoelf_grid, serial_shops,
          nicolae_shop_statue_plus, nicolae_elf_v_pinch

Skill      XL: |  1  2  3  4  5  6  7  8  9 10 11 12 13 14 15 16 17 |
---------------+----------------------------------------------------+-----
Fighting       | 4 5 6 7 9 10 11 12 13 15 16 17 18 | 18.3
Axes           | 4 5 6 7 9 10 11 12 13 15 16 17 18 | 18.0
Armour         | 3 4 5 7 8 10 12 13 14 16 17 18 | 18.1
Shields        | 1 3 4 10 11 12 14 15 16 17 | 17.8
Dodging        | 3 4 5 6 8 9 10 12 14 15 17 18 | 18.0

Action                   |  1- 3 |  4- 6 |  7- 9 | 10-12 | 13-15 | 16-18 || total
-------------------------+-------+-------+-------+-------+-------+-------++-------
Melee: Hand axe          |    93 |   143 |   140 |       |       |       ||   376
       Headbutt          |    16 |    37 |    58 |   125 |   213 |   127 ||   576
       War axe           |       |       |    46 |   394 |    94 |       ||   534
       Broad axe         |       |       |       |       |   595 |   536 ||  1131
Invok: Berserk           |       |     2 |     5 |     5 |    10 |     4 ||    26
       Trog's Hand       |       |     1 |     1 |     2 |     4 |     7 ||    15
       Brothers in Arms  |       |       |       |     2 |       |     4 ||     6
  Use: Scroll            |       |    10 |     8 |    10 |     8 |     4 ||    40
       Potion            |       |       |       |       |     2 |     1 ||     3
Armor: Animal skin       |     9 |       |       |       |       |       ||     9
       Leather armour    |    16 |     5 |    18 |       |       |       ||    39
       Ring mail         |       |    36 |       |       |       |       ||    36
       Chain mail        |       |       |    34 |   144 |   297 |   170 ||   645
       Skin              |       |       |       |       |       |     1 ||     1
Dodge: Dodged            |    61 |    88 |    88 |   181 |   327 |   179 ||   924
Block: Buckler           |     3 |    58 |    41 |    34 |       |       ||   136
       Kite shield       |       |       |       |   191 |   356 |       ||   547
       Reflection        |       |       |       |       |    16 |   102 ||   118
       Tower shield      |       |       |       |       |   313 |   626 ||   939

Table legend: (Time is in decaauts)
 A = Elapsed time spent in this place.
 B = Non-inter-level travel time spent in this place.
 C = Inter-level travel time spent in this place.
 D = Time resting spent in this place.
 E = Time spent auto-exploring this place.
 F = Levels seen in this place.
 G = Mean time per level.
                   A        B        C        D        E       F      G
               +--------+--------+--------+--------+--------+-----+--------+
         Total |  36164 |  34420 |   1744 |   7108 |  17847 |  30 | 1205.5 |
       Dungeon |  13787 |  13033 |    754 |   1807 |   7637 |  11 | 1253.4 |
          Lair |   8789 |   8150 |    639 |   1111 |   4973 |   6 | 1464.8 |
         Swamp |   6655 |   6444 |    211 |   2856 |   2310 |   4 | 1663.8 |
     Snake Pit |      1 |      1 |      0 |      0 |      0 |   1 |    1.0 |
  Orcish Mines |   1540 |   1475 |     65 |     95 |    883 |   2 |  770.0 |
   Elven Halls |   3044 |   2971 |     73 |    732 |   1085 |   3 | 1014.7 |
         Abyss |     61 |     61 |      0 |      0 |      0 |   1 |   61.0 |
       Volcano |    477 |    477 |      0 |    130 |    141 |   1 |  477.0 |
    Desolation |   1806 |   1806 |      0 |    376 |    817 |   1 | 1806.0 |
               +--------+--------+--------+--------+--------+-----+--------+

Top non-repeatable levels by time:
  Lair:6: 2567 daAuts
 Swamp:4: 2291 daAuts
Desolation: 1806 daAuts
    D:11: 1796 daAuts
 Swamp:3: 1712 daAuts
  Lair:3: 1684 daAuts
  Lair:1: 1663 daAuts
     D:9: 1653 daAuts
     D:7: 1567 daAuts
 Swamp:1: 1557 daAuts
     D:5: 1552 daAuts
   Elf:2: 1490 daAuts
   Elf:1: 1480 daAuts
     D:4: 1452 daAuts
     D:1: 1271 daAuts
